General information
- name: BNet
- type: Ladder team game (AT/RT)
- host: Battle.net
- saver: WogHater
map: Deadlock
- players: 8
- length: 59:42
- speed: Fast
- version: 1.28 W3XP
- replay type: Public
» download(501 KB)
Players
team 1 (loser)

»
xxx420blazexxx (
orange | 72 APM | 1608 actions | 22:29)
4 Archmage
2 Summon Water Elemental
2 Brilliance Aura
1 Mountain King
1 Storm Bolt
» actions
| Assign group hotkey | 44 | |
| Basic commands | 18 | |
| Build / train | 54 | |
| Enter build submenu | 23 | |
| Enter hero's abilities submenu | 5 | |
| Give item / drop item | 3 | |
| Remove unit from queue | 1 | |
| Right click | 826 | |
| Select / deselect | 318 | |
| Select group hotkey | 227 | |
| Use ability | 89 | |
1608 total
» units
| Peasant | 10 | |
| Footman | 8 | |
| Dragonhawk Rider | 7 | |
25 total
» upgrades
| Swords | 2 | |
| Lumber Harvesting | 1 | |
| Armor | 2 | |
5 total
» buildings
| Altar of Kings | 1 | |
| Farm | 8 | |
| Barracks | 1 | |
| Scout Tower | 3 | |
| Arcane Tower | 3 | |
| Arcane Vault | 1 | |
| Blacksmith | 1 | |
| Lumber Mill | 1 | |
| Keep | 1 | |
| Guard Tower | 4 | |
| Town Hall | 2 | |
| Gryphon Aviary | 2 | |
28 total
» build order
00:29 Altar of Kings
00:42 Farm
00:57 Barracks
01:28 Farm
01:55 Scout Tower
02:07 Farm
02:27 Arcane Tower
02:27 Arcane Tower
02:27 Arcane Tower
04:09 Arcane Vault
04:43 Farm
04:45 Farm
04:49 Blacksmith
04:52 Lumber Mill
05:48 Keep
05:54 Scout Tower
06:38 Farm
06:42 Scout Tower
06:46 Guard Tower
06:46 Guard Tower
07:14 Guard Tower
07:14 Guard Tower
07:57 Town Hall
08:58 Gryphon Aviary
09:03 Gryphon Aviary
11:26 Farm
11:29 Farm
14:34 Town Hall
» items
| Scroll of Regeneration | 1 | |
| Lesser Clarity Potion | 1 | |
| Scroll of Town Portal | 1 | |
| Orb of Fire | 1 | |
4 total
ggnoobs (
red | 77 APM | 1762 actions | 22:50)
4 Priestess of the Moon
2 Trueshot Aura
1 Scout
1 Searing Arrows
3 Keeper of the Grove
2 Entangling Roots
1 Force of Nature
2 Naga Sea Witch
1 Frost Arrows
1 Forked Lightning
» actions
| Assign group hotkey | 127 | |
| Build / train | 82 | |
| ESC pressed | 1 | |
| Enter build submenu | 24 | |
| Enter hero's abilities submenu | 10 | |
| Give item / drop item | 4 | |
| Right click | 595 | |
| Select / deselect | 455 | |
| Select group hotkey | 377 | |
| Use ability | 87 | |
1762 total
» units
| Wisp | 15 | |
| Archer | 17 | |
| Hippogryph | 12 | |
| Druid of the Talon | 4 | |
48 total
» upgrades
| Improved Bows | 1 | |
| Hippogryph Taming | 1 | |
| Marksmanship | 1 | |
| Strength of the Moon | 3 | |
| Nature's Blessing | 1 | |
| Druid of the Talon Training | 2 | |
| Moon Armor | 1 | |
| Mark of the Talon | 1 | |
11 total
» buildings
| Altar of Elders | 1 | |
| Moon Well | 9 | |
| Ancient of War | 1 | |
| Tree of Ages | 1 | |
| Ancient of Wind | 2 | |
| Tree of Eternity | 1 | |
| Tree of Life | 2 | |
| Hunter's Hall | 1 | |
| Ancient of Wonders | 1 | |
| Ancient Protector | 4 | |
23 total
» build order
00:17 Altar of Elders
00:32 Moon Well
01:14 Ancient of War
01:17 Moon Well
02:25 Tree of Ages
03:06 Moon Well
04:25 Moon Well
05:19 Ancient of Wind
05:20 Ancient of Wind
06:11 Tree of Eternity
08:15 Tree of Life
08:56 Hunter's Hall
09:24 Moon Well
10:13 Moon Well
12:04 Moon Well
12:06 Moon Well
13:33 Ancient of Wonders
16:01 Moon Well
18:41 Tree of Life
18:46 Ancient Protector
18:48 Ancient Protector
18:49 Ancient Protector
18:51 Ancient Protector
» items
| Boots of Speed | 1 | |
| Scroll of Town Portal | 1 | |
| Orb of Venom | 1 | |
| Potion of Healing | 4 | |
7 total
GARBAGE_TIER (
yellow | 62 APM | 3697 actions | 59:40)
8 Blademaster
3 Critical Strike
3 Wind Walk
1 Bladestorm
1 Mirror Image
2 Shadow Hunter
1 Hex
1 Healing Wave
2 Mountain King
1 Storm Bolt
1 Bash
» actions
| Assign group hotkey | 54 | |
| Basic commands | 100 | |
| Build / train | 107 | |
| Enter build submenu | 48 | |
| Enter hero's abilities submenu | 13 | |
| Give item / drop item | 1 | |
| Remove unit from queue | 3 | |
| Right click | 1631 | |
| Select / deselect | 451 | |
| Select group hotkey | 1056 | |
| Use ability | 233 | |
3697 total
» units
| Peon | 35 | |
| Grunt | 3 | |
| Wind Rider | 7 | |
| Troll Batrider | 8 | |
| Raider | 2 | |
55 total
» upgrades
| Ranged Weapons | 2 | |
| Reinforced Defenses | 1 | |
| Liquid Fire | 1 | |
| Armor | 2 | |
| Ensnare | 1 | |
| Melee Weapons | 3 | |
| Pillage | 1 | |
11 total
» buildings
| Altar of Storms | 2 | |
| Orc Burrow | 12 | |
| Barracks | 1 | |
| Voodoo Lounge | 2 | |
| Stronghold | 5 | |
| Great Hall | 5 | |
| War Mill | 2 | |
| Beastiary | 9 | |
| Fortress | 3 | |
| Watch Tower | 23 | |
| Tree of Life | 1 | |
65 total
» build order
00:08 Altar of Storms
00:17 Orc Burrow
00:36 Barracks
01:23 Orc Burrow
01:56 Voodoo Lounge
03:13 Stronghold
03:31 Orc Burrow
04:03 Great Hall
04:23 War Mill
04:57 Orc Burrow
05:31 Great Hall
06:24 Beastiary
06:26 Fortress
06:27 Fortress
07:08 Beastiary
07:22 Beastiary
07:47 Watch Tower
07:48 Watch Tower
07:49 Watch Tower
07:49 Watch Tower
08:01 Watch Tower
08:28 Watch Tower
09:37 Watch Tower
09:39 Watch Tower
09:46 Watch Tower
10:18 Watch Tower
11:19 Watch Tower
11:19 Watch Tower
11:20 Watch Tower
11:21 Watch Tower
12:22 Orc Burrow
13:46 Watch Tower
13:49 Watch Tower
14:27 Watch Tower
14:32 Watch Tower
15:58 Orc Burrow
18:03 Watch Tower
19:49 Beastiary
21:26 Great Hall
24:25 Watch Tower
24:26 Watch Tower
24:27 Watch Tower
24:27 Watch Tower
28:16 Stronghold
28:17 Stronghold
28:36 Great Hall
28:39 War Mill
28:41 Altar of Storms
30:20 Tree of Life
30:41 Orc Burrow
30:41 Orc Burrow
31:10 Orc Burrow
31:35 Beastiary
31:35 Beastiary
31:57 Orc Burrow
32:01 Orc Burrow
32:27 Orc Burrow
35:36 Voodoo Lounge
35:54 Beastiary
37:34 Stronghold
37:34 Stronghold
38:26 Fortress
42:03 Beastiary
42:04 Beastiary
50:09 Great Hall
» items
| Healing Salve | 4 | |
| Orb of Lightning | 1 | |
| Staff of Teleportation | 1 | |
| Potion of Lesser Invulnerability | 2 | |
| Scroll of Town Portal | 4 | |
| Scroll of Healing | 2 | |
| Dust of Appearance | 1 | |
15 total
KylieJenner (
teal | 101 APM | 3461 actions | 34:20)
4 Paladin
2 Holy Light
2 Divine Shield
2 Mountain King
1 Storm Bolt
1 Bash
2 Blood Mage
1 Banish
1 Siphon Mana
» actions
| Assign group hotkey | 37 | |
| Basic commands | 21 | |
| Build / train | 95 | |
| ESC pressed | 3 | |
| Enter build submenu | 32 | |
| Enter hero's abilities submenu | 8 | |
| Give item / drop item | 5 | |
| Right click | 1541 | |
| Select / deselect | 535 | |
| Select group hotkey | 1019 | |
| Use ability | 165 | |
3461 total
» units
| Peasant | 21 | |
| Footman | 7 | |
| Dragonhawk Rider | 3 | |
| Gryphon Rider | 12 | |
| Knight | 1 | |
| Rifleman | 2 | |
46 total
» upgrades
| Defend | 1 | |
| Lumber Harvesting | 2 | |
| Swords | 2 | |
| Masonry | 1 | |
| Storm Hammers | 1 | |
7 total
» buildings
| Altar of Kings | 1 | |
| Barracks | 1 | |
| Farm | 11 | |
| Scout Tower | 26 | |
| Lumber Mill | 1 | |
| Arcane Vault | 2 | |
| Arcane Tower | 1 | |
| Keep | 1 | |
| Blacksmith | 1 | |
| Town Hall | 3 | |
| Castle | 1 | |
| Gryphon Aviary | 2 | |
| Guard Tower | 10 | |
61 total
» build order
00:19 Altar of Kings
00:36 Barracks
00:50 Farm
01:05 Farm
01:46 Scout Tower
02:08 Lumber Mill
02:35 Arcane Vault
02:56 Farm
02:58 Farm
03:18 Farm
03:34 Farm
04:25 Arcane Tower
04:39 Keep
05:26 Blacksmith
06:25 Town Hall
07:43 Scout Tower
07:44 Scout Tower
07:50 Scout Tower
08:52 Scout Tower
08:54 Scout Tower
08:57 Scout Tower
09:02 Scout Tower
09:04 Scout Tower
09:04 Scout Tower
09:06 Scout Tower
09:06 Scout Tower
09:07 Scout Tower
09:15 Castle
09:20 Gryphon Aviary
09:24 Gryphon Aviary
09:48 Guard Tower
09:56 Guard Tower
10:16 Guard Tower
10:25 Guard Tower
10:35 Guard Tower
10:50 Scout Tower
10:51 Scout Tower
10:52 Scout Tower
11:12 Arcane Vault
11:25 Guard Tower
11:47 Scout Tower
11:48 Scout Tower
11:51 Scout Tower
11:52 Scout Tower
11:53 Scout Tower
11:54 Scout Tower
11:58 Farm
12:06 Farm
12:17 Farm
12:17 Farm
12:21 Guard Tower
12:25 Farm
12:41 Guard Tower
12:55 Guard Tower
14:22 Guard Tower
20:07 Town Hall
22:45 Town Hall
28:21 Scout Tower
28:22 Scout Tower
28:23 Scout Tower
28:23 Scout Tower
» items
| Scroll of Regeneration | 4 | |
| Lesser Clarity Potion | 4 | |
| Orb of Fire | 2 | |
| Scroll of Town Portal | 4 | |
| Potion of Healing | 4 | |
18 total
team 2 (winner)

»
Dabu (
pink | 47 APM | 2824 actions | 59:40)
5 Crypt Lord
3 Carrion Beetles
2 Spiked Carapace
4 Death Knight
2 Death Coil
2 Unholy Aura
» actions
| Assign group hotkey | 169 | |
| Basic commands | 129 | |
| Build / train | 95 | |
| ESC pressed | 14 | |
| Enter build submenu | 66 | |
| Enter hero's abilities submenu | 10 | |
| Give item / drop item | 2 | |
| Right click | 916 | |
| Select / deselect | 640 | |
| Select group hotkey | 611 | |
| Use ability | 171 | |
2824 total
» units
| Acolyte | 21 | |
| Ghoul | 5 | |
| Crypt Fiend | 12 | |
| Obsidian Statue | 1 | |
| Frost Wyrm | 8 | |
| Gargoyle | 2 | |
49 total
» upgrades
| Creature Attack | 3 | |
| Creature Carapace | 1 | |
| Web | 1 | |
| Burrow | 1 | |
| Freezing Breath | 1 | |
7 total
» buildings
| Ziggurat | 32 | |
| Altar of Darkness | 1 | |
| Crypt | 8 | |
| Graveyard | 2 | |
| Nerubian Tower | 2 | |
| Tomb of Relics | 2 | |
| Spirit Tower | 12 | |
| Halls of the Dead | 2 | |
| Necropolis | 3 | |
| Slaughterhouse | 2 | |
| Black Citadel | 1 | |
| Sacrificial Pit | 1 | |
| Boneyard | 3 | |
71 total
» build order
00:26 Ziggurat
00:28 Altar of Darkness
00:38 Crypt
00:42 Graveyard
01:00 Crypt
01:09 Ziggurat
01:52 Ziggurat
02:50 Nerubian Tower
06:03 Ziggurat
06:17 Ziggurat
06:35 Ziggurat
06:37 Ziggurat
06:43 Tomb of Relics
06:47 Ziggurat
06:56 Spirit Tower
07:08 Spirit Tower
07:28 Spirit Tower
07:36 Nerubian Tower
07:40 Spirit Tower
07:53 Halls of the Dead
08:16 Necropolis
08:20 Ziggurat
08:35 Spirit Tower
10:05 Spirit Tower
10:22 Ziggurat
10:23 Ziggurat
10:26 Slaughterhouse
10:30 Ziggurat
11:25 Black Citadel
12:13 Ziggurat
12:15 Ziggurat
14:46 Spirit Tower
15:23 Tomb of Relics
15:52 Ziggurat
15:53 Ziggurat
15:54 Ziggurat
16:12 Ziggurat
16:14 Ziggurat
16:15 Ziggurat
16:16 Ziggurat
16:52 Spirit Tower
17:05 Ziggurat
17:07 Sacrificial Pit
17:31 Ziggurat
17:33 Ziggurat
18:10 Boneyard
18:12 Boneyard
18:31 Spirit Tower
18:35 Ziggurat
19:11 Boneyard
20:05 Crypt
22:02 Slaughterhouse
25:09 Necropolis
26:10 Ziggurat
26:11 Ziggurat
26:12 Ziggurat
26:15 Ziggurat
26:16 Ziggurat
26:19 Ziggurat
26:21 Ziggurat
27:18 Spirit Tower
28:10 Spirit Tower
29:13 Crypt
29:30 Crypt
29:38 Spirit Tower
38:16 Necropolis
43:21 Halls of the Dead
44:23 Crypt
44:26 Crypt
44:29 Crypt
46:18 Graveyard
» items
| Dust of Appearance | 2 | |
| Scroll of Town Portal | 3 | |
| Potion of Healing | 3 | |
| Orb of Lightning | 1 | |
| Orb of Corruption | 1 | |
10 total

»
xxwizardfacexx (
green | 56 APM | 1578 actions | 28:19)
4 Tauren Chieftain
2 War Stomp
2 Endurance Aura
4 Shadow Hunter
2 Hex
2 Healing Wave
» actions
| Assign group hotkey | 27 | |
| Basic commands | 3 | |
| Build / train | 79 | |
| Enter build submenu | 30 | |
| Enter hero's abilities submenu | 8 | |
| Give item / drop item | 1 | |
| Right click | 699 | |
| Select / deselect | 205 | |
| Select group hotkey | 409 | |
| Use ability | 117 | |
1578 total
» units
| Peon | 21 | |
| Grunt | 8 | |
| Troll Witch Doctor | 9 | |
| Tauren | 3 | |
41 total
» upgrades
| Melee Weapons | 2 | |
| Armor | 3 | |
| Spiked Barricades | 1 | |
| Berserker Strength | 1 | |
| Reinforced Defenses | 1 | |
| Witch Doctor Training | 2 | |
| Pulverize | 1 | |
11 total
» buildings
| Orc Burrow | 8 | |
| Altar of Storms | 1 | |
| War Mill | 1 | |
| Barracks | 1 | |
| Voodoo Lounge | 2 | |
| Watch Tower | 13 | |
| Great Hall | 2 | |
| Stronghold | 1 | |
| Fortress | 1 | |
| Spirit Lodge | 2 | |
| Tauren Totem | 2 | |
34 total
» build order
00:27 Orc Burrow
00:48 Altar of Storms
01:27 War Mill
02:08 Barracks
02:26 Orc Burrow
02:59 Voodoo Lounge
03:24 Orc Burrow
04:52 Watch Tower
05:01 Watch Tower
06:00 Great Hall
06:05 Watch Tower
06:10 Voodoo Lounge
06:45 Stronghold
06:58 Orc Burrow
07:15 Orc Burrow
07:20 Watch Tower
08:38 Watch Tower
08:40 Watch Tower
08:41 Watch Tower
09:26 Fortress
10:15 Watch Tower
11:12 Spirit Lodge
11:13 Spirit Lodge
12:04 Tauren Totem
12:10 Tauren Totem
13:27 Watch Tower
13:29 Watch Tower
18:20 Watch Tower
19:45 Orc Burrow
20:51 Great Hall
27:19 Watch Tower
27:26 Orc Burrow
27:30 Watch Tower
27:34 Orc Burrow
» items
| Healing Salve | 3 | |
| Lesser Clarity Potion | 3 | |
| Scroll of Town Portal | 6 | |
| Orb of Lightning | 2 | |
| Periapt of Vitality | 1 | |
15 total
WogHater (
blue | 61 APM | 3668 actions | 59:42)
10 Blademaster
3 Wind Walk
3 Critical Strike
1 Bladestorm
3 Mirror Image
» actions
| Assign group hotkey | 214 | |
| Basic commands | 342 | |
| Build / train | 104 | |
| Enter build submenu | 64 | |
| Enter hero's abilities submenu | 10 | |
| Give item / drop item | 9 | |
| Remove unit from queue | 4 | |
| Right click | 1489 | |
| Select / deselect | 566 | |
| Select group hotkey | 619 | |
| Use ability | 247 | |
3668 total
» units
| Peon | 16 | |
| Grunt | 6 | |
| Wind Rider | 10 | |
| Troll Batrider | 16 | |
| Demolisher | 4 | |
52 total
» upgrades
| Ranged Weapons | 3 | |
| Armor | 3 | |
| Reinforced Defenses | 1 | |
| Troll Regeneration | 1 | |
| Liquid Fire | 1 | |
| Berserker Strength | 1 | |
| Envenomed Spears | 1 | |
| Burning Oil | 1 | |
12 total
» buildings
| Orc Burrow | 7 | |
| Altar of Storms | 1 | |
| Barracks | 1 | |
| Voodoo Lounge | 2 | |
| Stronghold | 1 | |
| War Mill | 2 | |
| Great Hall | 3 | |
| Beastiary | 6 | |
| Watch Tower | 40 | |
| Fortress | 1 | |
64 total
» build order
00:10 Orc Burrow
01:04 Altar of Storms
01:06 Barracks
01:09 Orc Burrow
01:52 Voodoo Lounge
02:49 Stronghold
04:07 War Mill
05:06 Great Hall
05:12 Beastiary
05:13 Beastiary
05:27 Watch Tower
06:19 Orc Burrow
06:20 Orc Burrow
06:24 Watch Tower
06:24 Watch Tower
06:47 Watch Tower
06:50 Watch Tower
09:07 Watch Tower
09:10 Watch Tower
09:57 Fortress
10:56 War Mill
12:47 Beastiary
12:49 Beastiary
18:02 Watch Tower
18:02 Watch Tower
18:02 Watch Tower
18:03 Watch Tower
18:20 Watch Tower
18:20 Watch Tower
19:35 Great Hall
19:38 Watch Tower
19:38 Watch Tower
19:38 Watch Tower
19:39 Watch Tower
19:40 Watch Tower
19:40 Watch Tower
19:41 Watch Tower
19:41 Watch Tower
19:45 Voodoo Lounge
23:12 Watch Tower
23:13 Watch Tower
23:13 Watch Tower
23:13 Watch Tower
23:15 Watch Tower
23:18 Watch Tower
23:18 Watch Tower
24:02 Watch Tower
24:02 Watch Tower
24:02 Watch Tower
24:19 Watch Tower
24:19 Watch Tower
24:19 Watch Tower
24:19 Watch Tower
24:20 Watch Tower
24:29 Orc Burrow
24:32 Orc Burrow
24:42 Beastiary
24:42 Beastiary
24:54 Watch Tower
24:54 Watch Tower
24:55 Watch Tower
24:55 Watch Tower
25:00 Orc Burrow
53:02 Great Hall
» items
| Healing Salve | 5 | |
| Boots of Speed | 1 | |
| Scroll of Town Portal | 6 | |
| Lesser Clarity Potion | 2 | |
| Potion of Mana | 3 | |
| Orb of Lightning | 1 | |
| Potion of Healing | 2 | |
| Periapt of Vitality | 1 | |
| Staff of Teleportation | 1 | |
| Potion of Lesser Invulnerability | 1 | |
23 total
CapCuck (
purple | 59 APM | 3318 actions | 56:32)
8 Warden
1 Fan of Knives
3 Blink
3 Shadow Strike
1 Spirit of Vengeance
» actions
| Assign group hotkey | 19 | |
| Basic commands | 423 | |
| Build / train | 84 | |
| Enter build submenu | 22 | |
| Enter hero's abilities submenu | 8 | |
| Remove unit from queue | 1 | |
| Right click | 1192 | |
| Select / deselect | 268 | |
| Select group hotkey | 1172 | |
| Use ability | 129 | |
3318 total
» units
| Wisp | 13 | |
| Chimaera | 22 | |
| Wind Rider | 5 | |
40 total
» upgrades
| Strength of the Wild | 3 | |
| Reinforced Hides | 3 | |
| Corrosive Breath | 1 | |
| Ultravision | 1 | |
| Well Spring | 1 | |
| Envenomed Spears | 1 | |
10 total
» buildings
| Altar of Elders | 1 | |
| Moon Well | 7 | |
| Tree of Ages | 1 | |
| Hunter's Hall | 1 | |
| Ancient of Wind | 2 | |
| Tree of Eternity | 2 | |
| Chimaera Roost | 3 | |
| Ancient of Wonders | 1 | |
| Tree of Life | 1 | |
| Beastiary | 3 | |
22 total
» build order
00:07 Altar of Elders
00:10 Moon Well
02:12 Tree of Ages
02:19 Moon Well
02:55 Moon Well
03:30 Hunter's Hall
04:36 Ancient of Wind
05:06 Tree of Eternity
05:06 Tree of Eternity
06:53 Moon Well
07:39 Chimaera Roost
07:40 Chimaera Roost
07:41 Chimaera Roost
07:50 Moon Well
09:02 Ancient of Wonders
12:07 Moon Well
13:29 Moon Well
19:33 Ancient of Wind
21:15 Tree of Life
29:44 Beastiary
29:44 Beastiary
31:18 Beastiary
» items
| Staff of Teleportation | 2 | |
| Healing Salve | 2 | |
| Lesser Clarity Potion | 3 | |
| Potion of Healing | 1 | |
| Orb of Lightning | 2 | |
| Scroll of Town Portal | 1 | |
| Potion of Lesser Invulnerability | 2 | |
13 total
Chat log
(00:40 / Allies) xxwizardfacexx: full house good
(00:52 / Allies) Dabu: shit
(00:54 / Allies) Dabu: forgot crypt
(00:55 / Allies) Dabu: lol
(01:05 / Allies) Dabu: thx
(01:06 / All) CapCuck: you're pepsi commerical was shit.
(01:37 / All) CapCuck: for real though, wtf was pepsi thinking/
(01:44 / All) GARBAGE_TIER: wut they do
(02:11 / All) CapCuck: her BLM shit.
(02:22 / All) WogHater: they did a blm commercial?
(02:30 / All) CapCuck: a shitty one
(02:36 / All) CapCuck: hurry up and make a sex tape you slut.
(02:39 / All) WogHater: their sells about to drop, TRUMP EFFECT
(02:41 / All) CapCuck: follow what your mom did.
(03:22 / All) CapCuck: your dad or mother or whatever the fuck is a faggot too.
(03:38 / All) CapCuck: does he still have his penis?
(04:44 / Allies) WogHater: purple really
(04:56 / Allies) CapCuck: yes
(06:23 / Allies) CapCuck: really?
(06:35 / Allies) WogHater: we playing share and share alike I guess
(08:20 / Allies) xxwizardfacexx: red creeping our shit ganked me
(11:05 / Allies) xxwizardfacexx: keep cranking gold a sec and consolidate
(12:51 / Allies) WogHater: lumber
(13:00 / Allies) CapCuck: gold
(13:12 / Allies) CapCuck: keeper
(14:32 / Allies) xxwizardfacexx: 1 sec need tp
(14:40 / Allies) CapCuck: gold me nigga
(17:06 / Allies) xxwizardfacexx: need hero
(17:11 / Allies) xxwizardfacexx: allmeet
(18:15 / Allies) xxwizardfacexx: fight at main
(18:47 / Allies) xxwizardfacexx: group up
(19:00 / Allies) CapCuck: godl me blue.
(19:08 / Allies) CapCuck: gold gold gold
(19:11 / Allies) CapCuck: i gave wood bitch
(20:03 / All) GARBAGE_TIER: blue mh?
(20:21 / Allies) xxwizardfacexx: tp?
(20:38 / Allies) CapCuck: we got aa?
(20:42 / Allies) Dabu: im getting it
(20:51 / Allies) Dabu: ya i got 2 fiends and 1 frost
(20:54 / All) GARBAGE_TIER: u suck green
(20:57 / All) GARBAGE_TIER: god damn naub
(20:58 / Allies) Dabu: i know
(20:58 / All) GARBAGE_TIER: u too dabu
(22:47 / All) ggnoobs: yellow is trash im out
(23:00 / All) KylieJenner: 12k gold lol
(23:48 / All) xxwizardfacexx: no sneaking
(23:53 / All) xxwizardfacexx: trying to sneak
(23:54 / Allies) WogHater: lumber plz
(24:03 / Allies) Dabu: gold to purp plz
(24:10 / Allies) CapCuck: yep
(24:40 / All) CapCuck: i'm gonna anal rape you yellow
(27:34 / Allies) Dabu: plz dont tk blue
(27:49 / All) GARBAGE_TIER: KILL WARDEAN TEAL
(27:51 / All) GARBAGE_TIER: RETARD
(27:51 / All) CapCuck: da fuck blue
(27:53 / All) WogHater: teal
(28:11 / All) CapCuck: blue you sack of shit.
(29:14 / All) CapCuck: da fuck is this faggot shit blue
(29:16 / All) CapCuck: i feed your ass
(29:18 / All) CapCuck: and youTK?
(29:23 / Allies) Dabu: fuck blue
(29:51 / All) CapCuck: attack him with towers.
(31:02 / All) WogHater: green quit with 3k gold in the bank lol
(31:10 / All) KylieJenner: yellow got 10k
(31:12 / All) KylieJenner: wont share it
(31:19 / All) Dabu: yellow and blue are ass buddies
(31:27 / All) Dabu: prolly jerk off to child porn together
(31:31 / All) Dabu: i work a hard ass day at work
(31:35 / All) Dabu: and all they do is coordinate
(31:39 / All) Dabu: and tk whichever team is winning
(31:39 / All) KylieJenner: Yellow gold me plz
(31:46 / All) WogHater: stop me from raping u dabu
(31:50 / All) WogHater: or do you secretly like it?
(31:51 / All) GARBAGE_TIER: teal is asking for gold all game
(32:01 / All) WogHater: does it remind of ur childhood?
(32:10 / All) WogHater: when ur gay dad would sneak in ur room at night to molest you?
(32:42 / All) KylieJenner: hah yellow is tk me
(32:45 / All) Dabu: I can't web
(32:47 / All) Dabu: allies
(32:53 / All) Dabu: the perfect way to tk is mass wyverns
(32:55 / All) WogHater: lol
(32:55 / All) Dabu: blademaster
(33:15 / All) WogHater: clan s4s, biggest pussies on bnet
(34:04 / All) GARBAGE_TIER: FAGGOT TEAL
(34:18 / All) KylieJenner: lol u are so weird
(34:37 / All) GARBAGE_TIER: retarded ass game
(34:53 / All) WogHater: d
(35:46 / Allies) Dabu: i need gold
(35:50 / All) WogHater: naughty naughty
(36:13 / All) GARBAGE_TIER: i had no idea purple green and pink were gonna zerg my base
(37:11 / All) WogHater: lol
(37:16 / All) CapCuck: you mother fucking nigger
(37:17 / All) WogHater: greed gets you no where
(37:24 / All) GARBAGE_TIER: purp is a nigga
(37:31 / All) CapCuck: holy fucking nigga shit blue
(37:32 / All) Dabu: neither does trolling wc3
(37:36 / All) Dabu: trolling wc3 gets u nowhere
(37:41 / All) WogHater: says the clan s4s pussy
(37:47 / All) Dabu: clan s4s owns u
(37:47 / All) WogHater: who cares what you think
(37:51 / All) Dabu: we're #1
(37:53 / All) GARBAGE_TIER: s4s lawl
(37:54 / All) WogHater: LOL
(37:55 / All) Dabu: clan s4s is number 1
(37:55 / All) GARBAGE_TIER: i know chieftain
(37:58 / All) GARBAGE_TIER: ill get u banned pink
(37:59 / All) Dabu: im a grunt
(38:00 / All) WogHater: we own you many many times
(38:06 / All) Dabu: go ahead and get me banned
(38:10 / All) CapCuck: a win is a win
(38:16 / All) GARBAGE_TIER: a loss u mean
(38:18 / All) CapCuck: i'll sit here until the game times out
(38:23 / All) CapCuck: fucking bitch
(38:38 / All) GARBAGE_TIER: is ur noob warden already dead
(38:40 / All) GARBAGE_TIER: how did it die
(38:42 / All) WogHater: dabu getting sieged by his master
(39:08 / All) Dabu: its not my fault that Blizzard didnt balance races to account for wyvern tk
(39:15 / All) Dabu: they should let fiends web allies
(39:16 / All) Dabu: in my opinion
(39:24 / All) GARBAGE_TIER: web is already OP as i tis
(39:28 / All) CapCuck: blue and yellow on da "LIST"
(39:29 / All) Dabu: not against tk
(39:47 / All) WogHater: shoulda made more gargs lol
(39:51 / All) GARBAGE_TIER: lawl i heard ur warden died pretty spectacularly purple
(39:58 / All) Dabu: more gargs?
(39:59 / All) GARBAGE_TIER: yes u shoulda made gargs pink
(40:01 / All) Dabu: so yellow can bat me?
(40:04 / All) GARBAGE_TIER: also it is us, texas
(40:04 / All) Dabu: its foolproof
(40:07 / All) Dabu: i admit
(40:10 / All) WogHater: pick ur poison
(40:21 / All) Dabu: mass bats on one team
(40:24 / All) Dabu: mass wyverns on the other
(40:25 / All) WogHater: at least you could have maybe prevented this rape
(40:29 / All) Dabu: with what?
(40:30 / All) CapCuck: FAGGOT YELLOW WAS IN LAST GAME
(40:35 / All) CapCuck: WORTHLESS THEN TOO.
(40:43 / All) WogHater: Why don't you just kneel down and kiss my cock ring
(40:54 / Allies) WogHater: Bad boy
(40:57 / All) CapCuck: STFU COCKLESS
(40:59 / All) WogHater: Kneel down and kiss the cock ring
(41:02 / All) WogHater: I am your lord and master
(41:15 / All) WogHater: None can defy me
(41:24 / All) CapCuck: I WOULD RAPE YOU 1V1
(41:29 / All) WogHater: You wish homegirl
(41:42 / All) CapCuck: YOU ON DA LIST ANYWAYS.
(41:44 / All) CapCuck: BITCH
(41:46 / All) GARBAGE_TIER: only thing pruple would rape is acheeseburger
(42:03 / All) CapCuck: AND YOU CAN ONLY RAPE A TRASHCAN
(42:08 / All) CapCuck: GARBAGE TIER FEEDER
(42:14 / All) WogHater: Put lord farsanky on your list
(42:16 / All) CapCuck: CAN'T WIN A GAME, SO GET DADDY BOY TO HELP YOU.
(42:18 / All) WogHater: youtube.com/lordfarsanky
(42:32 / All) GARBAGE_TIER: actually blue is my sleeping partner
(42:35 / All) GARBAGE_TIER: im the gurl
(42:39 / All) WogHater: Pink will die on his knees rather than fight on his feet
(42:41 / All) WogHater: What a pussy
(42:47 / All) WogHater: No wonder he's in clan s4s
(42:59 / All) CapCuck: YO, CAN I GET AN INVITE FOR A CLAN?
(43:03 / All) Dabu: ?
(43:04 / All) CapCuck: I'VE BEEN LOOKING.
(43:16 / All) Dabu: how can i fight on my feet?
(43:18 / All) CapCuck: clan S4S any good?
(43:32 / All) Dabu: yea
(43:35 / All) Dabu: clan s4s is number 1
(43:42 / All) Dabu: ppl talk shit but no other clan has higher level RT ppl
(43:48 / All) Dabu: so what if alot of us are 49%
(43:53 / All) Dabu: with all the tking going on
(43:55 / All) CapCuck: RT PPL?
(44:01 / All) GARBAGE_TIER: dude this is 2017, wc3 is dead
(44:02 / All) Dabu: its gonna be biased against 50% average
(44:19 / All) CapCuck: WC3 IS DEAD CUZ OF ASSHOLES LIKE YOU
(44:35 / All) Dabu: what purp just said ^
(44:36 / All) WogHater: if there is a tk in any given game and it's not you, that means only 3 out of 7 potential players are on your team
(44:43 / All) CapCuck: I SHOULD STICK TO WC3AREANA.NET
(44:44 / All) WogHater: it means your percentage would be over %
(44:47 / All) WogHater: you just suck dabu
(44:49 / All) Dabu: wrong blue
(44:54 / All) Dabu: if enough of ur games
(44:56 / All) Dabu: have double tkers
(45:00 / All) Dabu: then 6/8 ppl lose
(45:01 / All) WogHater: u just suck blue
(45:02 / All) Dabu: or even 7/8
(45:03 / All) Dabu: not 3/8
(45:05 / All) Dabu: so stfu
(45:05 / All) WogHater: nope
(45:13 / All) WogHater: whichever side wins you get a tie
(45:15 / All) WogHater: if you leave
(45:19 / All) Dabu: fine
(45:20 / All) WogHater: it's like you didn't even play
(45:24 / All) Dabu: so 3 ppl get a tie
(45:27 / All) Dabu: 1 person wins
(45:29 / All) Dabu: and 4 ppl lose
(45:30 / All) GARBAGE_TIER: me and blue do 2v6 and 99% always win. we are pro
(45:31 / All) WogHater: yes
(45:44 / All) Dabu: its not 2v6 bc your identities are kept secret until the end
(45:50 / All) Dabu: u have one player on each team!
(45:55 / All) WogHater: That's just smart strategy
(45:58 / All) GARBAGE_TIER: element of surprise is in the art of war. please read
(46:03 / All) CapCuck: 2V6 IN YOUR DREAMS FAGGOT
(46:18 / All) CapCuck: SOMEONE WILL GET A WIN, SOMEONE A LOSE
(46:22 / All) CapCuck: I'LL WAIT TO SEE THE RESULTS.
(46:26 / All) GARBAGE_TIER: me and blue are goku and vegeta and you 2 are bulma and chi-chi
(47:04 / All) CapCuck: *YAWN*
(47:22 / Allies) WogHater: So solly
(47:29 / All) Dabu: U wont even let me get gargs
(47:33 / All) WogHater: SO SOLLY
(47:37 / All) Dabu: you're not sorry
(47:38 / All) WogHater: NO GARGS FOR YUU
(49:02 / All) GARBAGE_TIER: i thought 100% my team was stronger
(49:03 / All) Dabu: so who is lord farsky
(49:05 / All) Dabu: or w/e?
(49:18 / All) WogHater: The champion without peer, and the hero without equal
(49:40 / All) CapCuck: END IT, GIVE ME A "w"
(49:41 / All) CapCuck: WIN
(49:51 / All) WogHater: that's not how this works
(49:58 / All) GARBAGE_TIER: cant wait for game of threons season 7 baby
(50:00 / All) GARBAGE_TIER: and the nfl
(50:13 / All) Dabu: i can't wait to sell meth to your mom
(50:18 / All) Dabu: and have her suck my dick
(50:33 / All) Dabu: pretty much every girl likes meth
(50:34 / All) WogHater: Dabu why do you have to be so rude? That was uncalled for
(50:36 / All) Dabu: im sober for now tho
(50:37 / All) GARBAGE_TIER: oh dabu. i am very sorry ur always our victim
(50:47 / All) Dabu: im not *always* your victim
(50:49 / All) WogHater: Are you a girl dabu or do you just have a gash between your legs?
(50:51 / All) Dabu: just higher than average
(50:59 / All) Dabu: because i only play 2-3 games LATE at night
(51:01 / All) Dabu: after work
(51:05 / All) Dabu: I work my ass off in a shitty factory job
(51:14 / All) Dabu: i just want a few decent games without tk
(51:16 / All) WogHater: We've heard your sob story before
(51:19 / All) Dabu: even afk would be different
(51:20 / All) GARBAGE_TIER: peple in medieval times used to never get paid. ur lucky
(51:29 / All) CapCuck: OMFG
(51:30 / All) CapCuck: ENDTHIS
(51:32 / All) CapCuck: GIVE ME MY WIN
(51:37 / All) WogHater: Serfs had it better than wageslaves like DAbu
(52:21 / All) CapCuck: WELL?!?!?!/!
(52:22 / All) Dabu: the key
(52:23 / All) WogHater: They only had to work 3 days and the rest was their time where they could work the land for themselves
(52:27 / All) Dabu: is to have
(52:32 / All) Dabu: an ally like wizardface leave
(52:35 / All) Dabu: that way u have two ppl to control
(52:46 / All) Dabu: wizard coulda massed wyvs and controlled them himself
(52:51 / All) Dabu: and we coulda taken you out
(52:53 / All) WogHater: Yeah could have been a nailbiter
(52:55 / All) CapCuck: .........
(52:56 / All) Dabu: then gone after teal and yellow
(52:57 / All) WogHater: thankfully he's weakhearted
(53:09 / All) CapCuck: ...
(53:21 / All) WogHater: he must be in clan s4s
(53:27 / All) Dabu: i am in clan s4s
(53:33 / All) Dabu: u notice im usually near the last person left
(53:37 / All) Dabu: captcuck
(53:38 / All) WogHater: You're weakhearted in another sense
(53:40 / All) Dabu: i have mad respect for
(53:44 / All) Dabu: capcuck*
(53:50 / Allies) Dabu: love u bro
(54:02 / All) CapCuck: THIS IS BULLLLLLLLLLLLLLSHIT
(54:16 / All) Dabu: how much gold ya got yellow
(54:21 / All) WogHater: Purple is an exp leech, he deserves nothing short of pigs blood sprayed on his mink coat
(54:35 / All) CapCuck: ?
(54:40 / All) Dabu: ??
(55:02 / All) Dabu: seriously if i could go back in time and molest you as a 3yr old i would
(55:07 / All) Dabu: ;)
(56:09 / All) CapCuck: SERRGFG
(56:10 / All) CapCuck: GFDGFD
(56:12 / All) CapCuck: ADF
(56:13 / All) CapCuck: ADSFASF
(56:14 / All) CapCuck: ADFDAF
(56:17 / All) CapCuck: HURRY UP
(56:25 / All) WogHater: For what?
(56:30 / All) CapCuck: FUCK IT, IM OUT
(56:51 / All) WogHater: Dabu is a bad person
(56:54 / All) WogHater: He deserves a loss
(57:06 / All) WogHater: He's rude and says unpleasant things when he thinks his team is ahead
(57:18 / All) Dabu: bullshit
(57:23 / All) WogHater: Leave so I can get this win dabu
(57:34 / All) WogHater: If you leave I can win!
(57:40 / All) Dabu: i was nice to you until you tk'd
(57:53 / All) Dabu: i even had the feeling u might tk when u asked for lumber back when u already had 1500 lumber
(57:55 / All) Dabu: but i gave u 200 anyway
(58:11 / All) WogHater: Thank you I put it to good use
(58:20 / All) Dabu: yea thats why u have 7k
(58:25 / All) GARBAGE_TIER: its nothing personal
(58:27 / All) GARBAGE_TIER: dabu
(58:32 / All) Dabu: i know
(58:33 / All) GARBAGE_TIER: this is how we play, we have rules
(58:34 / All) Dabu: its ur hobby
(58:35 / All) WogHater: I had very little at the time then purple and you gave me 1900
(58:38 / All) GARBAGE_TIER: we can't let people get a free win
(58:53 / All) WogHater: yeah that's bad for business
(59:17 / All) Dabu: gotcha
(59:21 / All) GARBAGE_TIER: u own
(59:22 / All) GARBAGE_TIER: me
(59:31 / All) GARBAGE_TIER: should we give dabu a tie if he leaveS?
(59:37 / All) WogHater: NOOOOOOOOOOOO
(59:39 / All) WogHater: DABU LOSE ALWAYS